 Dungeon Crawl Stone Soup version 0.30-a0-883-g5ad918d77d (webtiles) character file.

Game seed: 15582179472040545674

1687005 jasper the Warrior (level 23, 198/198 HPs)
             Began as a Demonspawn Gladiator on Mar 16, 2023.
             Was a High Priest of Okawaru.
             Escaped with the Orb
             ... and 3 runes on Mar 17, 2023!
             The game lasted 03:17:02 (58702 turns).

jasper the Warrior (Demonspawn Gladiator)          Turns: 58702, Time: 03:17:02

Health: 198/198    AC: 10    Str: 23 (26) XL:     23   Next: 20%
Magic:  28/28      EV: 11    Int: 16      God:    Okawaru [*****.]
Gold:   1642       SH: 28    Dex: 11      Spells: 22/22 levels left

rFire   + + +      SeeInvis .    W - +8 mithril axe "Arga" {speed, Will+}
rCold   + + +      Faith    .    w - +8 tower shield {rC+ rF+}
rNeg    + + .      Spirit   .    V - +1 robe of Slovenliness {Archmagi, St. Patrick's Day Shirt}
rPois   +          Reflect  .    i - -2 hat of the Alchemist {rElec rPois rF+ rC+ rN+ Will+ rMut rCorr}
rElec   +          Rampage  .    G - +2 cloak
rCorr   +          Archmagi +    (gloves unavailable)
rMut    +                        A - +2 pair of boots {Fly}
Will    +++..                    M - amulet of regeneration
Stlth   +                        x - ring of Light {+Blink rPois rF+++ rC+ rN+ Dex-2}
HPRegen 1.33/turn                s - ring "Ytounk" {Drain rElec rCorr Str+3 Slay+5}
MPRegen 0.21/turn

@: flying, studying 4 skills
A: claws 3, (demonic guardian 3), spiny 3, big brain 3, corrupting presence 1,
clumsy 1, weak 1
0: Orb of Zot
}: 3/15 runes: barnacled, slimy, gossamer
a: Renounce Religion, Evoke Blink, Heroism, Finesse, Duel


You escaped.
You worshipped Okawaru.
Okawaru was extremely pleased with you.
You visited 10 branches of the dungeon, and saw 48 of its levels.
You visited 1 ziggurat, and saw 6 of its levels.
You also visited: Gauntlet, Ice Cave and Volcano.

You collected 5123 gold pieces.
You spent 3481 gold pieces at shops.

Inventory:

Hand Weapons
 g - the +9 broad axe of the Telling Eel {flame, rC+ Str+3 SInv}
   (Okawaru gifted it to you on level 14 of the Dungeon)

   Str:       It affects your strength (+3).
   rC:        It protects you from cold.
   SInv:      It lets you see invisible.
 W - the +8 mithril axe "Arga" (weapon) {speed, Will+}
   (Okawaru gifted it to you on level 5 of the Pits of Slime)

   Will:      It increases your willpower.
 Y - a +2 antimagic broad axe
Missiles
 c - 13 boomerangs (quivered)
 d - 10 throwing nets
 e - 50 javelins
 j - 13 poisoned darts
 D - 18 silver javelins
 F - 2 datura-tipped darts
 S - 8 atropa-tipped darts
 T - 3 curare-tipped darts
Armour
 i - the -2 hat of the Alchemist (worn) {rElec rPois rF+ rC+ rN+ Will+ rMut rCorr}
   (You found it in an ice cave)

   rF:        It protects you from fire.
   rC:        It protects you from cold.
   rElec:     It insulates you from electricity.
   rPois:     It protects you from poison.
   rN:        It protects you from negative energy.
   rCorr:     It protects you from acid and corrosion.
   rMut:      It protects you from mutation.
   Will:      It increases your willpower.
 p - the +8 orange crystal plate armour {Archmagi, Int+3 Clar}
   (You found it on level 15 of the Dungeon)

   Int:       It affects your intelligence (+3).
   Clar:      It protects you against confusion.
 w - a +8 tower shield of resistance (worn)
 A - a +2 pair of boots of flying (worn)
 G - a +2 cloak (worn)
 J - +7 gold dragon scales
 V - the +1 robe of Slovenliness (worn) {Archmagi, St. Patrick's Day Shirt}
   (You found it on level 3 of the Shoals)

   Archmagi:  It increases the power of your magical spells.
Jewellery
 s - the ring "Ytounk" (right claw) {Drain rElec rCorr Str+3 Slay+5}
   (You bought it in a shop on level 2 of the Orcish Mines)

   [ring of resist corrosion]

   Str:       It affects your strength (+3).
   Slay:      It affects your accuracy & damage with ranged weapons and melee
   (+5).
   rElec:     It insulates you from electricity.
   rCorr:     It protects you from acid and corrosion.
   Drain:     It drains your maximum health when unequipped.
 x - the ring of Light (left claw) {+Blink rPois rF+++ rC+ rN+ Dex-2}
   (You bought it in a shop on level 1 of the Shoals)

   [ring of positive energy]

   Dex:       It affects your dexterity (-2).
   rF:        It renders you almost immune to fire.
   rC:        It protects you from cold.
   rPois:     It protects you from poison.
   rN:        It protects you from negative energy.
   +Blink:    It lets you blink.
 M - an amulet of regeneration (around neck)
Wands
 a - a wand of mindburst (10)
 k - a wand of quicksilver (5)
 z - a wand of paralysis (2)
 O - a wand of digging (4)
 U - a wand of roots (25)
Scrolls
 b - 18 scrolls of fog
 f - 5 scrolls of vulnerability
 n - 11 scrolls of immolation
 t - 5 scrolls of silence
 u - 25 scrolls of teleportation
 H - 3 scrolls of poison
 Q - 2 scrolls of fear
 X - a scroll of butterflies
 Z - 25 scrolls of identify
Potions
 l - 2 potions of magic
 m - 8 potions of mutation
 q - 11 potions of lignification
 r - 4 potions of heal wounds
 v - 8 potions of haste
 y - 5 potions of resistance
 B - 4 potions of berserk rage
 C - 5 potions of ambrosia
 E - 8 potions of might
 I - 9 potions of flight
 L - 2 potions of cancellation
 N - a potion of invisibility
 P - 14 potions of curing
Miscellaneous
 h - a tin of tremorstones (2/2)
 o - a condenser vane
 R - a lightning rod (4/4)


   Skills:
 + Level 20.5 Fighting
 - Level 18.8 Axes
 - Level 10.0 Throwing
 + Level 18.9 Armour
 - Level 3.5 Dodging
 + Level 20.3 Shields
 - Level 7.0 Invocations
 - Level 6.0 Evocations


You had 22 spell levels left.
You didn't know any spells.
Your spell library contained the following spells:

 Spells                   Type           Power      Damage    Failure   Level
 Apportation              Tloc           0%         N/A       21%         1
 Beastly Appendage        Tmut           0%         N/A       21%         1
 Foxfire                  Conj/Fire      0%         2x1d4     21%         1
 Kiss of Death            Conj/Necr      0%         2d5       21%         1
 Necrotise                Necr           0%         1d4       21%         1
 Sting                    Tmut/Pois      0%         1d3       21%         1
 Blink                    Tloc           0%         N/A       30%         2
 Cigotuvi's Dreadful Rot  Necr/Pois/Air  0%         N/A       30%         2
 Ensorcelled Hibernation  Hex/Ice        0%         N/A       30%         2
 Momentum Strike          Conj/Tloc      0%         3d8       30%         2
 Passwall                 Tmut/Erth      0%         N/A       30%         2
 Poisonous Vapours        Pois/Air       0%         N/A       30%         2
 Scorch                   Fire           0%         2d5       30%         2
 Static Discharge         Conj/Air       0%         2-2/arc   30%         2
 Sublimation of Blood     Necr           0%         N/A       30%         2
 Wereblood                Tmut           0%         N/A       30%         2
 Confusing Touch          Hex            0%         N/A       50%         3
 Frozen Ramparts          Ice            0%         1d1       50%         3
 Gell's Gravitas          Tloc           0%         N/A       50%         3
 Hailstorm                Conj/Ice       0%         3d3       50%         3
 Kindle Blastsparks       Fire/Tloc/Air  0%         2d10      50%         3
 Mephitic Cloud           Conj/Pois/Air  0%         N/A       50%         3
 Ozocubu's Armour         Ice            0%         N/A       50%         3
 Portal Projectile        Hex/Tloc       0%         N/A       50%         3
 Spider Form              Tmut/Pois      0%         N/A       50%         3
 Stone Arrow              Conj/Erth      0%         3d7       50%         3
 Swiftness                Air            0%         N/A       50%         3
 Teleport Other           Tloc           0%         N/A       50%         3
 Vampiric Draining        Necr           0%         2d6       50%         3
 Vhi's Electric Charge    Tloc/Air       0%         N/A       50%         3
 Anguish                  Hex/Necr       0%         N/A       87%         4
 Cause Fear               Hex            0%         N/A       87%         4
 Dispel Undead            Necr           0%         3d6       87%         4
 Flame Wave               Conj/Fire      0%         2d4       87%         4
 Fulminant Prism          Conj/Hex       0%         3d5       87%         4
 Iskenderun's Mystic Bla  Conj/Tloc      0%         2d3       87%         4
 Leda's Liquefaction      Hex/Erth       0%         N/A       87%         4
 Olgreb's Toxic Radiance  Pois           0%         N/A       87%         4
 Petrify                  Tmut/Erth      0%         N/A       87%         4
 Agony                    Necr           0%         N/A       99%         5
 Alistair's Intoxication  Tmut/Pois      0%         N/A       99%         5
 Arcjolt                  Conj/Air       0%         1d10      99%         5
 Fireball                 Conj/Fire      0%         3d3       99%         5
 Irradiate                Conj/Tmut      0%         3d11      99%         5
 Iskenderun's Battlesphe  Conj           0%         2d6       99%         5
 Lee's Rapid Deconstruct  Erth           0%         3d4*      99%         5
 Lightning Bolt           Conj/Air       0%         1d11      99%         5
 Conjure Ball Lightning   Conj/Air       0%         3x3d6     100%        6
 Dispersal                Tloc           0%         N/A       100%        6
 Iron Shot                Conj/Erth      0%         9d1       100%        6
 Starburst                Conj/Fire      0%         6d3       100%        6
 Dragon Form              Tmut           0%         N/A       100%        7
 Enfeeble                 Hex            0%         N/A       100%        7
 Orb of Destruction       Conj           0%         9d5       100%        7
 Borgnjor's Revivificati  Necr           0%         N/A       100%        8
 Discord                  Hex            0%         N/A       100%        8
 Disjunction              Tloc           0%         N/A       100%        8
 Lehudib's Crystal Spear  Conj/Erth      0%         10d2      100%        8
 Fire Storm               Conj/Fire      0%         5d1       100%        9
 Call Canine Familiar     Summ           Unusable   N/A       N/A         3
 Summon Guardian Golem    Hex/Summ       Unusable   N/A       N/A         3
 Animate Armour           Summ/Erth      Unusable   N/A       N/A         4
 Animate Dead             Necr           Unusable   N/A       N/A         4
 Death Channel            Necr           Unusable   N/A       N/A         6
 Simulacrum               Ice/Necr       Unusable   N/A       N/A         6
 Summon Cactus Giant      Summ           Unusable   N/A       N/A         6
 Spellforged Servitor     Conj/Summ      Unusable   N/A       N/A         7
 Dragon's Call            Summ           Unusable   N/A       N/A         9

Dungeon Overview and Level Annotations

Branches:
Dungeon (15/15)            Temple (0/1) D:7            Lair (5/5) D:11
 Shoals (4/4) Lair:3       Spider (4/4) Lair:3        Slime (5/5) Lair:4
    Orc (2/2) D:12            Elf (3/3) Orc:2        Vaults (1/5) D:14
 Depths (4/4) D:15            Zot (5/5) Depths:4      IceCv (visited)
Volcano (visited)         Gauntlet (visited)

Altars:
Gozag
Okawaru
Ru
Sif Muna
Vehumet

Shops:
D:4 *   D:7 ?   D:9 *   D:10 !   D:11 =   D:13 [   D:14 (   Orc:2 =[!(
Elf:3 [=(**   Shoals:1 [![=

Portals:
Hell: Depths:2 Depths:4
Abyss: Depths:2
Pandemonium: Depths:2

Annotations:
Lair:2 exclusion: ice statue
Lair:4 exclusion: oklob plant
Elf:2 3 runed translucent doors
Elf:3 exclusion: neqoxec
Zot:5 exclusion: orange crystal statue


Innate Abilities, Weirdness & Mutations

You have claws for hands.
((A powerful demonic guardian rushes to your aid.))
You are completely covered in sharp spines.
You have an absolutely massive brain. (Int +6, Wiz)
Your presence sometimes corrodes those you injure.
You are clumsy. (Dex -2)
You are weak. (Str -2)


Message History

You block the Orb Guardian's attack.
You slice the Orb Guardian!!
The Orb Guardian is almost dead.
You block the Orb Guardian's attack.
You miss the Orb Guardian.
The Orb Guardian is almost dead.
You block the Orb Guardian's attack.
You hit the Orb Guardian but do no damage.
The Orb Guardian is almost dead.
You closely miss the Orb Guardian.
The Orb Guardian is almost dead.
The Orb Guardian hits you but does no damage.
You hit the Orb Guardian.
The Orb Guardian is almost dead.
You block the Orb Guardian's attack.
You slash the Orb Guardian!
You kill the Orb Guardian!
Okawaru accepts your kill.
You fly upwards.
There is a stone staircase leading down here.
You regained 4 hp, and now have 186/198 hp.
(D) Dungeon (T) Temple (L) Lair (A) Shoals (N) Spider Nest (M) Slime Pits (O) Orcish Mines (E) Elven Halls (V) Vaults (U) Depths (H) Hell (Z) Zot
Where to? (Enter - D:1, ? - help)
Okay, then.
There is an open door here.
HP restored.
There is an open door here.
There is a staircase leading out of the dungeon here.
Health restored: 198 You start removing your armour.
You continue taking off the +8 orange crystal plate armour {Archmagi, Int+3 Clar}. x4
You finish taking off the +8 orange crystal plate armour {Archmagi, Int+3 Clar}.
You feel strangely numb.
You start putting on your armour.
You continue putting on the +1 robe of Slovenliness {Archmagi, St.
Patrick's Day Shirt}. x5
You finish putting on the +1 robe of Slovenliness {Archmagi, St.
Patrick's Day Shirt}.
You feel strangely lacking in power.
You have escaped!

.....##.# #.................#
.~...##.# #.................#
..~~....# ##.................#
..~~.~### #..................#
.....## ##.####+##..........# #
###### ##..# #.............# # #
#######...########.........# # #
#.....#...'.....##.........### ##
#.....'...#..@..##..^.......##
.###.....##.##.....##..........##
...########.####+####.##'###.....
.#......##...##.......##.# #.....
.##.....##...##.....####.# #.####
.#####'####.####'#### #.# #.#...
.# #.....##.##.....# #.# #.##.#
.# #..>..'...'.....# #.# #.#..[
.###.....#...#.....# #.###.##.#


There were no monsters in sight!

Vanquished Creatures
  the Royal Jelly (Slime:5)
  3 dread liches (Zot:3)
  An orb of fire (Zot:3)
  A pandemonium lord (D:6)
  2 juggernauts (Depths:4)
  2 royal mummies (Zig:6)
  Parghit (Zot:1)
  Vv (Zot:4)
  3 Killer Klowns
  A shard shrike (Zot:3)
  9 golden dragons
  Nikola (Spider:1)
  Arachne (Spider:4)
  A Tzitzimitl (Depths:1)
  Jorgrun (Orc:1)
  A walking crystal tome (Depths:4)
  8 tentacled monstrosities
  Mlioglotl (Lair:3)
  2 deep elf blademasters (Elf:3)
  14 Orb Guardians
  3 quicksilver dragons
  9 sphinxes
  15 acid blobs
  Gastronok (D:9)
  5 death cobs
  Kirke (Spider:4)
  The ghost of Paecviu the Brawler, an adept TrMo of Nemelex Xobeh (Depths:1)
  The ghost of Wale the Gelid, an adept DrIE of Vehumet (Spider:2)
  7 storm dragons
  A draconian monk (Zot:3)
  7 shadow dragons
  2 narguns (Zig:3)
  15 azure jellies
  5 rockslimes
  5 draconian knights
  A fire giant (Depths:4)
  Aizul (Spider:1)
  2 draconian stormcallers
  3 frost giants
  8 deep elf sorcerers (Elf:3)
  6 deep elf elementalists
  8 ghost moths
  6 emperor scorpions
  3 draconian scorchers
  2 spriggan defenders (Depths:4)
  An orc warlord (Orc:1)
  3 draconian annihilators (Zot:3)
  4 broodmothers
  3 very ugly things
  3 draconian shifters
  6 quicksilver oozes
  9 green draconians
  3 stone giants
  2 vampire knights (Zot:3)
  A putrid mouth (Zig:1)
  7 deep elf demonologists
  6 black draconians
  10 yellow draconians
  2 deep elf annihilators (Elf:3)
  Azrael (D:14)
  9 purple draconians
  11 red draconians
  4 dire elephants (Vaults:1)
  13 white draconians
  2 mummy priests (Zig:6)
  5 spark wasps
  3 minotaurs
  Snorg (Lair:4)
  A merfolk javelineer (Shoals:4)
  Josephine (Orc:1)
  6 deep elf death magi (Elf:3)
  9 fire dragons
  5 merfolk impalers
  5 deep elf high priests (Elf:3)
  An entropy weaver (Spider:4)
  Fannar (Lair:2)
  2 great orbs of eyes
  6 ice dragons
  12 rakshasas
  Harold (D:9)
  A spriggan air mage (Depths:4)
  Erolcha (Orc:1)
  2 hell beasts
  4 vault guards (D:14)
  5 jorogumos
  5 centaur warriors
  15 hydras
  An alligator snapping turtle (Shoals:2)
  6 catoblepae
  5 ogre magi
  2 radroaches
  8 satyrs (Shoals:4)
  17 two-headed ogres
  2 merfolk aquamancers
  7 boulder beetles
  5 merfolk avatars
  13 dancing weapons
  A death scarab (Zig:6)
  A death knight (D:13)
  4 tengu warriors
  A deep troll shaman (Depths:2)
  Urug (Orc:2)
  A death yak (Lair:2)
  A spriggan berserker (Depths:2)
  13 deep elf knights
  A spriggan (Depths:4)
  12 hell knights
  A sun demon (Depths:4)
  6 skysharks
  An iron troll (Depths:2)
  Amaemon (Lair:1)
  6 pharaoh ants
  10 sea snakes
  2 deep trolls (Depths:2)
  5 orb spiders
  A swamp dragon (Lair:5)
  4 glowing orange brains (Depths:2)
  A wizard (D:14)
  A death drake (Gauntlet)
  17 deep elf archers
  A sun moth (Spider:4)
  26 deep elf zephyrmancers
  3 steelbarb worms
  Pikel (D:4)
  16 harpies
  23 deep elf pyromancers
  2 necromancers (Depths:4)
  2 orc knights
  19 ugly things
  17 wolf spiders
  16 moths of wrath
  An orc sorcerer (D:14)
  19 fauns
  2 spectral centaurs (Gauntlet)
  28 manticores
  6 cyclopes
  14 elephants
  A centaur zombie (Gauntlet)
  6 black mambas
  8 merfolk sirens
  A toenail golem (D:11)
  Maurice (D:9)
  9 demonic crawlers
  16 eyes of devastation
  A molten gargoyle (Volcano)
  An orange demon (Lair:1)
  2 water nymphs (Shoals:2)
  5 torpor snails
  4 gargoyles
  6 unseen horrors (Depths:2)
  A kobold demonologist (D:7)
  Maggie (D:6)
  20 cane toads
  7 rime drakes
  13 komodo dragons
  4 efreet
  2 guardian mummies (Zig:6)
  4 tengu conjurers
  5 trolls
  A hellwing (Zot:1)
  18 merfolk
  A red devil (D:15)
  6 meliai
  A merfolk (shapeshifter) (D:15)
  11 polar bears
  3 hornets
  14 tarantellas
  8 blink frogs
  5 large abominations
  4 wind drakes
  10 dream sheep
  30 jumping spiders
  2 raiju (Lair:5)
  4 snapping turtles
  A flying skull (Zig:6)
  61 slime creatures
  10 air elementals
  16 culicivoras
  A culicivora (shapeshifter) (D:15)
  Sigmund (D:6)
  A spriggan (shapeshifter) (Elf:2)
  A jumping spider (shapeshifter) (Elf:3)
  4 shadows (Gauntlet)
  22 water elementals
  4 wraiths
  71 yaks
  3 steam dragons
  An ushabti (Zig:6)
  6 wyverns
  7 basilisks
  13 fire elementals
  A hog (shapeshifter) (Elf:1)
  3 chaos spawn
  3 hogs (Spider:4)
  4 humans
  5 golden eyes
  50 redbacks
  Menkaure (D:6)
  6 wargs
  17 vampire mosquitoes
  A hydra simulacrum (Zot:3)
  An acid dragon (D:9)
  21 hell hounds
  13 water moccasins
  15 black bears
  2 floating eyes
  2 swamp drakes (Lair:5)
  A great orb of eyes simulacrum (IceCv)
  24 orc warriors
  An ice beast (D:4)
  2 sky beasts (D:7)
  3 small abominations (Depths:2)
  17 wolves
  18 centaurs
  4 lemures
  32 ogres
  A phantom (D:4)
  3 slime creature simulacra (IceCv)
  Blork the orc (D:6)
  11 earth elementals
  A kobold brigand (D:8)
  17 bullfrogs
  11 scorpions
  A scorpion (shapeshifter) (Elf:3)
  A glowing shapeshifter simulacrum (IceCv)
  6 wights
  7 killer bees
  7 howler monkeys
  3 electric eels
  3 jellies
  5 hounds
  13 orc priests
  Crazy Yiuf (D:6)
  4 sleepcaps
  9 iguanas
  16 orc wizards
  Ijyb (D:3)
  5 shapeshifter simulacra (IceCv)
  2 mummies (Zig:6)
  Robin (D:4)
  12 adders
  3 white imps
  2 ufetubi
  4 worms
  4 dart slugs
  56 orcs
  9 bats
  9 endoplasms
  6 giant cockroaches
  25 goblins
  11 hobgoblins
  9 jackals
  16 kobolds
  3 quokkas (D:1)
  9 ball pythons
  4 frilled lizards
  6 rats
  2 butterflies (Lair:3)
1745 creatures vanquished.

Vanquished Creatures (others)
  A very ugly thing (Depths:4)
  A yellow draconian (Depths:4)
  An orb spider (Spider:4)
  A deep elf pyromancer (Elf:2)
  A tarantella (Spider:1)
  A culicivora (Spider:4)
  A jumping spider (Spider:1)
  A redback (Spider:1)
  A centaur (D:15)
  A killer bee (D:7)
  41 fungi
  85 plants
  2 starspawn tentacles (Lair:3)
  14 withered plants (Gauntlet)
152 creatures vanquished.

Grand Total: 1897 creatures vanquished

Notes
Turn   | Place    | Note
-------+----------+-------------------------------------------
     0 | D:1      | jasper the Demonspawn Gladiator began the quest for the
                  | Orb.
     0 | D:1      | Reached XP level 1. HP: 16/16 MP: 1/1
   258 | D:1      | Gained mutation: You have an unusually large brain. (Int
                  | +2) [demonic ancestry]
   258 | D:1      | Reached XP level 2. HP: 21/22 MP: 2/2
   729 | D:1      | Got the Meditations on the Arsonist
   765 | D:1      | Reached XP level 3. HP: 28/28 MP: 3/3
   815 | D:1      | Reached skill level 1 in Armour
  1220 | D:1      | Reached XP level 4. HP: 31/34 MP: 4/4
  1273 | D:2      | You fall into a shaft and drop 1 floor!
  2263 | D:3      | Noticed Ijyb
  2284 | D:3      | Killed Ijyb
  2285 | D:3      | Gained mutation: You have an extremely huge brain. (Int +4)
                  | [demonic ancestry]
  2285 | D:3      | Reached XP level 5. HP: 19/40 MP: 5/5
  2408 | D:3      | Noticed an ogre
  2423 | D:3      | Killed an ogre
  3468 | D:4      | Gained mutation: You are partially covered in sharp spines.
                  | [demonic ancestry]
  3468 | D:4      | Reached XP level 6. HP: 47/47 MP: 6/6
  3672 | D:4      | Noticed Robin
  3695 | D:4      | Killed Robin
  3783 | D:4      | Reached skill level 1 in Shields
  3803 | D:4      | Found an iron altar of Okawaru.
  3803 | D:4      | Noticed an ice beast
  3841 | D:4      | Reached skill level 5 in Axes
  3841 | D:4      | Reached XP level 7. HP: 47/53 MP: 7/7
  4098 | D:4      | Became a worshipper of Warmaster Okawaru
  4148 | D:4      | Noticed Pikel
  4451 | D:4      | Found Amiuq's Elemental Accessories.
  4783 | D:4      | Killed Pikel
  4783 | D:4      | Reached * piety under Okawaru
  4784 | D:4      | Gained mutation: A weak demonic guardian rushes to your
                  | aid. [demonic ancestry]
  4784 | D:4      | Reached XP level 8. HP: 61/61 MP: 8/8
  5049 | D:5      | Entered Level 5 of the Dungeon
  5137 | D:4      | Reached skill level 5 in Fighting
  5176 | D:4      | Reached ** piety under Okawaru
  5271 | D:4      | Gained mutation: You have sharp fingernails. [demonic
                  | ancestry]
  5271 | D:4      | Reached XP level 9. HP: 39/68 MP: 11/11
  6324 | D:5      | Found a sacrificial altar of Ru.
  6832 | D:6      | Noticed Blork the orc
  6840 | D:6      | Killed Blork the orc
  6841 | D:6      | Reached skill level 5 in Armour
  7002 | D:6      | Noticed Maggie
  7025 | D:6      | Killed Maggie
  7209 | D:6      | Found a runed translucent door.
  7210 | D:6      | Noticed Crazy Yiuf
  7219 | D:6      | Killed Crazy Yiuf
  7316 | D:6      | Noticed Sigmund
  7341 | D:6      | Killed Sigmund
  7635 | D:6      | Noticed Menkaure
  7648 | D:6      | Killed Menkaure
  7649 | D:6      | Reached skill level 5 in Shields
  7649 | D:6      | Gained mutation: You are mostly covered in sharp spines.
                  | [demonic ancestry]
  7649 | D:6      | Reached XP level 10. HP: 77/77 MP: 9/12
  7893 | D:7      | Found a shimmering blue altar of Sif Muna.
  7992 | D:7      | Reached *** piety under Okawaru
  8036 | D:7      | Found Appuok's Magic Scroll Shoppe.
  8048 | D:7      | Bought 2 scrolls of identify for 56 gold pieces
  8048 | D:7      | Bought a scroll of blinking for 105 gold pieces
  8048 | D:7      | Bought a scroll of enchant weapon for 105 gold pieces
  8048 | D:7      | Bought a scroll of teleportation for 42 gold pieces
  8548 | D:7      | Found a staircase to the Ecumenical Temple.
  8628 | D:7      | Bought a scroll of teleportation for 42 gold pieces
  8730 | D:7      | Reached **** piety under Okawaru
  8793 | D:7      | Found the +8 trishula "Condemnation" {holy, anguish, *Noise
                  | Fly rN+}
  8795 | D:7      | Noticed a cyclops
  8801 | D:7      | Killed a cyclops
  8801 | D:7      | Received a gift from Okawaru
  9031 | D:7      | Bought a scroll of immolation for 56 gold pieces
  9478 | D:8      | Reached skill level 10 in Axes
  9965 | D:9      | Noticed Gastronok
  9994 | D:9      | Found Sahidwap's General Store.
  9997 | D:9      | Bought a scroll of teleportation for 42 gold pieces
 10057 | D:9      | Reached XP level 11. HP: 52/85 MP: 13/13
 10177 | D:9      | Noticed Harold
 10191 | D:9      | Killed Harold
 10560 | D:10     | Entered Level 10 of the Dungeon
 10689 | D:10     | Reached ***** piety under Okawaru
 11067 | D:10     | Received a gift from Okawaru
 11291 | D:10     | Found Wian's Distillery.
 11295 | D:10     | Received a gift from Okawaru
 11783 | D:10     | Found the +11 Singing Sword {sonic wave}
 12590 | D:11     | Noticed a boulder beetle
 12602 | D:11     | Killed a boulder beetle
 12771 | D:11     | Received a gift from Okawaru
 12868 | D:11     | Noticed a centaur warrior
 12868 | D:11     | Noticed a skeletal warrior
 12947 | D:11     | Found Erhoirho's Jewellery Emporium.
 12993 | D:11     | Found a staircase to the Lair.
 13277 | Lair:1   | Entered Level 1 of the Lair of Beasts
 13716 | D:9      | Killed Gastronok
 13716 | D:9      | Reached ****** piety under Okawaru
 13717 | D:9      | Reached XP level 12. HP: 95/95 MP: 12/14
 13807 | D:9      | Noticed Maurice
 13821 | D:9      | Killed Maurice
 14344 | Lair:1   | Received a gift from Okawaru
 14614 | D:11     | Bought a ring of poison resistance for 240 gold pieces
 14746 | Lair:1   | Noticed Amaemon
 14757 | Lair:1   | Killed Amaemon
 14827 | Lair:1   | Reached skill level 5 in Invocations
 15547 | Lair:2   | Identified the +2 pair of boots of Etzythro {-Tele rPois
                  | rCorr Stlth+} (Okawaru gifted it to you on level 2 of the
                  | Lair of Beasts)
 15547 | Lair:2   | Received a gift from Okawaru
 15680 | Lair:2   | Reached skill level 5 in Throwing
 16306 | Lair:2   | Noticed a seven-headed hydra
 16361 | Lair:2   | Killed a seven-headed hydra
 16905 | Lair:2   | Noticed a death yak
 16933 | Lair:2   | Killed a death yak
 16947 | Lair:2   | Noticed a catoblepas
 16966 | Lair:2   | Killed a catoblepas
 17266 | Lair:2   | Gained mutation: You have very sharp fingernails. [demonic
                  | ancestry]
 17266 | Lair:2   | Reached XP level 13. HP: 23/101 MP: 18/18
 17538 | Lair:3   | Found a hole to the Spider Nest.
 17585 | Lair:3   | Noticed Fannar
 17595 | Lair:2   | Killed Fannar
 18218 | Lair:3   | Received a gift from Okawaru
 18354 | Lair:3   | Reached skill level 1 in Evocations
 18699 | Lair:3   | Received a gift from Okawaru
 18700 | Lair:3   | Reached skill level 10 in Throwing
 18826 | Lair:3   | Found a staircase to the Shoals.
 18938 | Lair:4   | Reached skill level 5 in Evocations
 18956 | Lair:4   | Received a gift from Okawaru
 18995 | Lair:4   | Found a dark tunnel.
 19143 | Volcano  | Entered a volcano
 19609 | Lair:4   | Noticed Snorg
 19882 | D:12     | Received a gift from Okawaru
 19910 | D:12     | Identified the +2 pair of gloves of the Sparrow {rElec rC++
                  | Will+ Slay-6} (Okawaru gifted it to you on level 12 of the
                  | Dungeon)
 19910 | D:12     | Received a gift from Okawaru
 20370 | D:12     | Found a staircase to the Orcish Mines.
 20645 | Orc:1    | Entered Level 1 of the Orcish Mines
 20647 | Orc:1    | Noticed Jorgrun
 20657 | Orc:1    | Killed Jorgrun
 20702 | Orc:1    | Noticed Josephine
 20719 | Orc:1    | Killed Josephine
 20720 | Orc:1    | Reached XP level 14. HP: 89/107 MP: 12/19
 20893 | Orc:1    | Noticed an orc warlord
 20913 | Orc:1    | Killed an orc warlord
 20947 | Orc:1    | Noticed Erolcha
 20953 | Orc:1    | Killed Erolcha
 20954 | Orc:1    | Reached skill level 10 in Fighting
 21314 | Orc:2    | Entered Level 2 of the Orcish Mines
 21431 | Orc:2    | Found a staircase to the Elven Halls.
 22308 | Orc:2    | Received a gift from Okawaru
 22373 | Orc:2    | Received a gift from Okawaru
 22595 | Orc:2    | Noticed Urug
 22606 | Orc:2    | Killed Urug
 23041 | Orc:2    | Found Nuam's Armour Shoppe.
 23041 | Orc:2    | Found Vusar's Weapon Boutique.
 23041 | Orc:2    | Found Ugitoff's Jewellery Shop.
 23041 | Orc:2    | Found Vyxisy's Distillery.
 23144 | Orc:2    | Bought 3 boomerangs for 84 gold pieces
 23428 | Orc:2    | Bought the ring "Ytounk" {Drain rElec rCorr Str+3 Slay+5}
                  | for 724 gold pieces
 23512 | D:13     | Received a gift from Okawaru
 23580 | D:13     | Identified the +0 pair of gloves "Osab" {rN+} (Okawaru
                  | gifted it to you on level 13 of the Dungeon)
 23580 | D:13     | Received a gift from Okawaru
 23605 | D:13     | Found a frozen archway.
 23692 | IceCv    | Entered an ice cave
 24179 | IceCv    | Got Sif Muna's Compilation of Cryomancy
 24500 | IceCv    | Noticed a quicksilver ooze
 24512 | IceCv    | Killed a quicksilver ooze
 24619 | IceCv    | Noticed a quicksilver ooze
 24624 | IceCv    | Killed a quicksilver ooze
 24625 | IceCv    | Gained mutation: You have an absolutely massive brain. (Int
                  | +6, Wiz) [demonic ancestry]
 24625 | IceCv    | Reached XP level 15. HP: 118/118 MP: 17/20
 24672 | IceCv    | Noticed an azure jelly
 24720 | IceCv    | Killed an azure jelly
 24724 | IceCv    | Found a viscous altar of Jiyva.
 24730 | IceCv    | Found the -2 hat of the Alchemist {rElec rPois rF+ rC+ rN+
                  | Will+ rMut rCorr}
 24745 | IceCv    | Got the ring "Nuahu" {Ice rCorr Str-4 Int+8}
 24746 | IceCv    | Identified the ring of Kikkuk {rPois rC- EV+5 Dex+3}
 25044 | D:13     | Reached skill level 10 in Armour
 25354 | D:13     | Found Pepech's Antique Armour Shoppe.
 26294 | D:14     | Found Itopsiupp's Antique Weapon Boutique.
 26593 | Orc:2    | Bought an amulet of reflection for 390 gold pieces
 26942 | D:14     | Reached skill level 10 in Shields
 26961 | D:14     | Identified the +9 broad axe of the Telling Eel {flame, rC+
                  | Str+3 SInv} (Okawaru gifted it to you on level 14 of the
                  | Dungeon)
 26961 | D:14     | Received a gift from Okawaru
 27552 | D:14     | Found a gate to the Vaults.
 27978 | Lair:4   | Killed Snorg
 28290 | Lair:4   | Found a staircase to the Slime Pits.
 28653 | Lair:4   | Reached skill level 15 in Axes
 29072 | Lair:5   | Entered Level 5 of the Lair of Beasts
 29134 | Lair:5   | Found a gate leading to a gauntlet.
 29153 | Gauntlet | Entered a Gauntlet
 29153 | Gauntlet | Found a transporter.
 29153 | Gauntlet | Found a transporter.
 29153 | Gauntlet | Found a transporter.
 29156 | Gauntlet | Found a transporter.
 29157 | Gauntlet | Found a transporter.
 29171 | Gauntlet | Found a transporter.
 29173 | Gauntlet | Found a large runed translucent door.
 29173 | Gauntlet | Found a transporter.
 29174 | Gauntlet | Found a large runed translucent door.
 29175 | Gauntlet | Found a large runed translucent door.
 29175 | Gauntlet | Found a large runed translucent door.
 29175 | Gauntlet | Found a runed translucent door.
 29175 | Gauntlet | Found a runed translucent door.
 29176 | Gauntlet | Found a large runed translucent door.
 29176 | Gauntlet | Found a large runed translucent door.
 29176 | Gauntlet | Found a large runed translucent door.
 29176 | Gauntlet | Found a large runed translucent door.
 29177 | Gauntlet | Found a large runed translucent door.
 29177 | Gauntlet | Found a large runed translucent door.
 29178 | Gauntlet | Found a large runed translucent door.
 29178 | Gauntlet | Found a large runed translucent door.
 29179 | Gauntlet | Found a runed translucent gate.
 29179 | Gauntlet | Found a runed translucent gate.
 29179 | Gauntlet | Found a runed translucent gate.
 29181 | Gauntlet | Found a transporter.
 29192 | Gauntlet | Found a large runed translucent door.
 29193 | Gauntlet | Found a large runed translucent door.
 29202 | Gauntlet | Found a large runed translucent door.
 29202 | Gauntlet | Found a large runed translucent door.
 29272 | Gauntlet | Found a transporter.
 29282 | Gauntlet | Found a transporter.
 29286 | Gauntlet | Found a transporter.
 29298 | Gauntlet | Found a transporter.
 29456 | Gauntlet | Identified the +6 morningstar of Ydofoes {heavy, rElec
                  | rPois rF+ Dex-3}
 29458 | Gauntlet | Identified the ring "Gaif" {*Corrode rF+ Slay+2 SInv}
 29695 | Lair:5   | Received a gift from Okawaru
 29944 | Lair:5   | Reached XP level 16. HP: 70/127 MP: 21/21
 30250 | Lair:5   | Identified the +6 bardiche of the Dwarven Hall {flame, rN++
                  | Str-4 Dex+3} (Okawaru gifted it to you on level 5 of the
                  | Lair of Beasts)
 30250 | Lair:5   | Received a gift from Okawaru
 31161 | Spider:1 | Entered Level 1 of the Spider Nest
 31720 | Spider:1 | Identified the +5 short sword of Muryum {heavy, Int+2}
 32023 | Spider:1 | Noticed Aizul
 32033 | Spider:1 | Identified the +1 kite shield of the Earth {rF+} (Okawaru
                  | gifted it to you on level 1 of the Spider Nest)
 32033 | Spider:1 | Received a gift from Okawaru
 32042 | Spider:1 | Killed Aizul
 32472 | Spider:1 | Noticed Nikola
 32495 | Spider:1 | Killed Nikola
 32972 | Spider:2 | Found a runed translucent gate.
 32972 | Spider:2 | Found a runed translucent gate.
 32975 | Spider:2 | Found a runed translucent gate.
 32976 | Spider:2 | Noticed Wale's ghost (adept DrIE)
 33038 | Spider:2 | Killed Wale's ghost
 33213 | Spider:2 | Identified the +2 falchion of Defiance {heavy, Will+ Str+2}
 34994 | Spider:3 | Received a gift from Okawaru
 35253 | Spider:3 | Gained mutation: You have claws for hands. [demonic
                  | ancestry]
 35253 | Spider:3 | Reached XP level 17. HP: 133/133 MP: 22/22
 35445 | Spider:3 | Identified a scroll of acquirement
 35451 | Spider:3 | Acquired a +0 tower shield of resistance
 35739 | Spider:4 | Entered Level 4 of the Spider Nest
 35964 | Spider:4 | Noticed Arachne
 35964 | Spider:4 | Noticed Kirke
 35975 | Spider:4 | Killed Kirke
 35985 | Spider:4 | Killed Arachne
 36451 | Spider:4 | Received a gift from Okawaru
 37471 | Spider:4 | Received a gift from Okawaru
 38350 | Spider:4 | Got a gossamer rune of Zot
 38610 | Elf:1    | Entered Level 1 of the Elven Halls
 39398 | Elf:1    | Received a gift from Okawaru
 39403 | Elf:1    | Gained mutation: You are weak. (Str -2) [a neqoxec]
 39408 | Elf:1    | Paralysed by an air elemental for 1 turns
 39581 | Elf:1    | Received a gift from Okawaru
 39987 | Elf:1    | Paralysed by an air elemental for 1 turns
 40001 | Elf:1    | Paralysed by an air elemental for 1 turns
 40206 | Elf:1    | Identified the ring of the Griffon {rF+ rC+ Str+2 Dex-5}
 40618 | Elf:2    | Gained mutation: You are completely covered in sharp
                  | spines. [demonic ancestry]
 40618 | Elf:2    | Reached XP level 18. HP: 143/143 MP: 23/23
 41125 | Elf:2    | Received a gift from Okawaru
 41305 | Elf:1    | Received a gift from Okawaru
 42092 | Elf:2    | Found a runed translucent gate.
 42092 | Elf:2    | Found a runed translucent gate.
 42095 | Elf:2    | Found a runed translucent gate.
 42123 | Elf:3    | Entered Level 3 of the Elven Halls
 42128 | Elf:3    | Paralysed by an air elemental for 1 turns
 42137 | Elf:2    | Identified the +1 scale mail of the Teacher {rF- Int+4}
                  | (Okawaru gifted it to you on level 2 of the Elven Halls)
 42137 | Elf:2    | Received a gift from Okawaru
 42379 | Elf:3    | Paralysed by an air elemental for 1 turns
 42570 | Elf:3    | Paralysed by an air elemental for 1 turns
 42575 | Elf:2    | Paralysed by an air elemental for 1 turns
 42949 | Elf:3    | Found Dieqidgha's Weapon Shoppe.
 42955 | Elf:3    | Found Reocipub's Assorted Antiques.
 42964 | Elf:3    | Bought a scroll of teleportation for 87 gold pieces
 42975 | Elf:3    | Found Cuump's Assorted Antiques.
 42975 | Elf:3    | Found Exuf's Antique Armour Emporium.
 42980 | Elf:3    | Found Qahaep's Jewellery Emporium.
 43405 | Elf:3    | Noticed a Tzitzimitl
 43652 | Elf:3    | Reached skill level 15 in Shields
 44013 | Elf:3    | Identified the +6 long sword of Courage {drain, Will++}
 44425 | Elf:3    | Received a gift from Okawaru
 44519 | Elf:3    | Identified the +5 broad axe of a Gauntlet {pain, rPois rC+
                  | Will- Dex+3}
 44519 | Elf:3    | Identified the amulet "Roal" {Spirit rF+ rN+}
 44566 | Elf:3    | Identified the +2 battleaxe "Axti" {drain, Contam Will++
                  | Str+2 Stlth+}
 44566 | Elf:3    | Identified the ring "Ipuymaen" {Wiz rPois Will+ Dex-4}
 44611 | Elf:3    | Identified the amulet "Kuco" {Spirit Int+5 Dex-5}
 44682 | Elf:3    | Noticed a Tzitzimitl
 44683 | Elf:3    | Noticed a Brimstone Fiend
 44833 | Elf:3    | Received a gift from Okawaru
 44834 | Elf:3    | Reached XP level 19. HP: 146/154 MP: 24/24
 44969 | Elf:3    | Identified the +10 sling of Kagiomo {flame, rPois Will+}
 44977 | Elf:3    | Identified the +0 scale mail "Ofonidgh" {rElec rF- Stlth+}
 45249 | Shoals:1 | Entered Level 1 of the Shoals
 45278 | Shoals:1 | Reached skill level 15 in Fighting
 45341 | Shoals:1 | Noticed Mlioglotl
 45362 | Lair:3   | Killed Mlioglotl
 45428 | Shoals:1 | HP: 4/155 [merfolk/+0 spear[a merfolk impaler] (7)]
 45642 | Lair:3   | Received a gift from Okawaru
 45904 | Shoals:1 | Found Biocvyr's Jewellery Emporium.
 45921 | Shoals:1 | Bought the ring of Light {+Blink rPois rF+++ rC+ rN+ Dex-2}
                  | for 836 gold pieces
 45987 | Shoals:1 | Found Omyiwipot's Distillery.
 45994 | Shoals:1 | Found Terghal's Antique Armour Shop.
 46051 | Shoals:1 | Found Haq Xuphocku's Armour Shop.
 46150 | Shoals:1 | Bought a potion of curing for 42 gold pieces
 46150 | Shoals:1 | Bought 2 potions of resistance for 280 gold pieces
 46150 | Shoals:1 | Bought a potion of resistance for 140 gold pieces
 46150 | Shoals:1 | Bought a potion of resistance for 140 gold pieces
 46150 | Shoals:1 | Bought a potion of heal wounds for 70 gold pieces
 46738 | Shoals:2 | Identified the +3 war axe of Omeuloch {protect, rElec rPois
                  | Dex-3}
 47397 | Shoals:3 | Identified the +6 war axe of Cocytus {elec, +Blink rC-
                  | Int+4} (Okawaru gifted it to you on level 3 of the Shoals)
 47397 | Shoals:3 | Received a gift from Okawaru
 47801 | Shoals:3 | Identified the +1 robe of Slovenliness {Archmagi}
 47803 | Shoals:3 | Found an opulent altar of Gozag.
 47959 | Shoals:4 | Entered Level 4 of the Shoals
 48332 | Shoals:4 | Identified the +1 robe "Bieprof" {+Blink Regen+ MP+9 Dex+4}
                  | (Okawaru gifted it to you on level 4 of the Shoals)
 48332 | Shoals:4 | Received a gift from Okawaru
 48647 | Shoals:4 | Identified the +1 morningstar of Joutuih {freeze, Dex+2}
 48655 | Shoals:4 | Got a barnacled rune of Zot
 48978 | Shoals:4 | Identified the ring of Ru's Vengeance {Fire Will+}
 49214 | D:15     | Entered Level 15 of the Dungeon
 49214 | D:15     | Noticed Azrael
 49233 | D:14     | HP: 4/157 [Azrael/damnation (30)]
 49234 | D:14     | Killed Azrael
 49433 | D:15     | Found the +8 orange crystal plate armour {Archmagi, Int+3
                  | Clar}
 49540 | D:15     | Found a radiant altar of Vehumet.
 49634 | D:15     | Got the Vademecum on Necromancy
 50158 | D:15     | Gained mutation: Your presence sometimes corrodes those you
                  | injure. [demonic ancestry]
 50158 | D:15     | Reached XP level 20. HP: 106/164 MP: 25/25
 50207 | D:15     | Found a staircase to the Depths.
 50587 | Slime:1  | Entered Level 1 of the Pits of Slime
 50763 | Slime:4  | Received a gift from Okawaru
 50818 | Slime:5  | Entered Level 5 of the Pits of Slime
 50836 | Slime:5  | Reached skill level 15 in Armour
 51144 | Slime:5  | Noticed the Royal Jelly
 51153 | Slime:5  | Killed the Royal Jelly
 51153 | Slime:5  | Received a gift from Okawaru
 51153 | Slime:5  | Found the +8 mithril axe "Arga" {speed, Will+}
 51368 | Slime:5  | Identified the +9 war axe of Caustic Offence {flame, rC++}
 51404 | Slime:5  | Got a slimy rune of Zot
 51731 | Vaults:1 | Entered Level 1 of the Vaults
 51886 | Depths:1 | Entered Level 1 of the Depths
 52032 | Depths:1 | Identified the +7 chain mail of Defence {rF++ Regen+ Str+3}
 52036 | Depths:1 | Found a runed translucent door.
 52036 | Depths:1 | Noticed Paecviu's ghost (adept TrMo)
 52069 | Depths:1 | Killed Paecviu's ghost
 52076 | Depths:1 | Identified the ring "Aproshru" {rN+ rCorr Int+6}
 52232 | Depths:2 | Identified the +0 robe of the Monkey {rElec rPois Int-5
                  | Dex-3} (Okawaru gifted it to you on level 2 of the Depths)
 52232 | Depths:2 | Received a gift from Okawaru
 52449 | Depths:2 | Found a one-way gate to the infinite horrors of the Abyss.
 52569 | Depths:2 | Found a gateway to Hell.
 52936 | Depths:2 | Identified the +2 war axe "Transmigrator" {heavy, *Noise
                  | rElec Will+ Str+4}
 52950 | Depths:2 | Identified the +5 hand axe of Honesty {heavy, +Blink rPois
                  | rF+ Int-5}
 53242 | Depths:2 | Found a one-way gateway to a ziggurat.
 53316 | Zig:1    | Entered Level 1 of a ziggurat
 53329 | Zig:1    | Identified the +1 robe "Zuacliw" {+Inv Int+4 Stlth+}
 53333 | Zig:1    | Identified the +3 cloak of the Doldrums {Harm Regen+}
 53383 | Zig:2    | Entered Level 2 of a ziggurat
 53449 | Zig:3    | Entered Level 3 of a ziggurat
 53586 | Zig:4    | Entered Level 4 of a ziggurat
 53622 | Zig:4    | Identified the +2 fire dragon scales of Happiness {rF++ rC-
                  | Str+3 Stlth+}
 53623 | Zig:4    | Identified the +2 scimitar "Cifremu" {heavy, *Noise rCorr
                  | Dex+3 SInv}
 53632 | Zig:5    | Entered Level 5 of a ziggurat
 53651 | Zig:5    | Gained mutation: A demonic guardian rushes to your aid.
                  | [demonic ancestry]
 53651 | Zig:5    | Reached XP level 21. HP: 148/175 MP: 26/26
 53660 | Zig:5    | Got the Monograph on the Charmed Excursion
 53669 | Zig:6    | Entered Level 6 of a ziggurat
 53672 | Zig:6    | Noticed a royal mummy
 53673 | Zig:6    | Noticed a royal mummy
 53678 | Zig:6    | Found the +6 arbalest "Damnation" {damnation}
 53692 | Zig:6    | Killed a royal mummy
 53693 | Zig:6    | Killed a royal mummy
 53706 | Zig:6    | Identified the +7 longbow of the Scorching Boar {speed,
                  | rElec Str+2}
 53709 | Zig:6    | Identified the +7 falchion of the Distant Future {freeze,
                  | Str+2 Int+3 Dex+4}
 53836 | Depths:2 | Found a one-way gate leading to the halls of Pandemonium.
 53949 | Depths:4 | Entered Level 4 of the Depths
 53949 | Depths:4 | Noticed a juggernaut
 54001 | Depths:4 | Killed a juggernaut
 54001 | Depths:4 | Identified the +0 cloak of Skepticism {-Cast rF+ Str+2
                  | Dex+3} (Okawaru gifted it to you on level 4 of the Depths)
 54001 | Depths:4 | Received a gift from Okawaru
 54006 | Depths:4 | Noticed a juggernaut
 54024 | Depths:4 | Killed a juggernaut
 54122 | Depths:4 | Noticed a golden dragon
 54122 | Depths:4 | Noticed a golden dragon
 54176 | Depths:4 | Killed a golden dragon
 54281 | Depths:4 | Killed a golden dragon
 54428 | Depths:4 | Found a gate to the Realm of Zot.
 54434 | Zot:1    | Entered Level 1 of the Realm of Zot
 54649 | Zot:1    | Noticed a Killer Klown
 54661 | Zot:1    | Noticed a Killer Klown
 54670 | Zot:1    | Noticed Parghit
 54682 | Zot:1    | Killed a Killer Klown
 54714 | Zot:1    | Killed Parghit
 54714 | Zot:1    | Received a gift from Okawaru
 54732 | Zot:1    | Killed a Killer Klown
 54983 | Zot:2    | Noticed a golden dragon
 54984 | Zot:2    | Noticed a golden dragon
 54994 | Zot:2    | Killed a golden dragon
 55007 | Zot:2    | Killed a golden dragon
 55384 | Zot:2    | Reached XP level 22. HP: 134/186 MP: 27/27
 55386 | Zot:2    | Noticed a golden dragon
 55404 | Zot:2    | Killed a golden dragon
 55741 | Zot:3    | Received a gift from Okawaru
 55814 | Zot:2    | Noticed a golden dragon
 55830 | Zot:2    | Killed a golden dragon
 55840 | Zot:2    | Received a gift from Okawaru
 55883 | Zot:3    | Noticed a golden dragon
 55901 | Zot:3    | Killed a golden dragon
 56007 | Zot:3    | Noticed a dread lich
 56012 | Zot:3    | Noticed a dread lich
 56031 | Zot:3    | Killed a dread lich
 56031 | Zot:3    | Received a gift from Okawaru
 56031 | Zot:3    | Killed a dread lich
 56038 | Zot:3    | Received a gift from Okawaru
 56102 | Zot:3    | Noticed a golden dragon
 56113 | Zot:3    | Killed a golden dragon
 56119 | Zot:3    | Noticed a dread lich
 56131 | Zot:3    | Killed a dread lich
 56162 | Zot:3    | Noticed an orb of fire
 56172 | Zot:3    | Gained mutation: You are clumsy. (Dex -2) [an orb of fire]
 56178 | Zot:3    | Killed an orb of fire
 56280 | Zot:3    | Noticed a shard shrike
 56302 | Zot:3    | Killed a shard shrike
 56536 | Zot:4    | Noticed Vv
 56547 | Zot:4    | Paralysed by a floating eye for 3 turns
 56550 | Zot:4    | HP: 5/190 [Vv (13)]
 56699 | Zot:4    | Paralysed by a floating eye for 2 turns
 56928 | Zot:3    | Noticed a golden dragon
 56939 | Zot:3    | Killed a golden dragon
 57178 | Zot:4    | Killed Vv
 57234 | Zot:5    | Entered Level 5 of the Realm of Zot
 57269 | Zot:3    | You are sucked into a shaft and drop 1 floor!
 57503 | Zot:5    | Received a gift from Okawaru
 57532 | Zot:5    | Received a gift from Okawaru
 57552 | Zot:5    | Gained mutation: A powerful demonic guardian rushes to your
                  | aid. [demonic ancestry]
 57552 | Zot:5    | Reached XP level 23. HP: 119/197 MP: 28/28
 57731 | Zot:5    | Noticed a Killer Klown
 57756 | Zot:5    | Killed a Killer Klown
 57952 | Zot:5    | Noticed a Killer Klown
 57960 | Zot:5    | Noticed a Killer Klown
 57960 | Zot:5    | Noticed an orb of fire
 57960 | Zot:5    | Noticed a Killer Klown
 57960 | Zot:5    | Noticed a Killer Klown
 57963 | Zot:5    | Got the Orb of Zot
 57963 | Zot:5    | Noticed a Killer Klown
 57963 | Zot:5    | Noticed a Killer Klown
 57964 | Zot:5    | Noticed an orb of fire
 57965 | Zot:5    | Noticed a Killer Klown
 57967 | Zot:5    | Noticed an orb of fire
 57969 | Zot:5    | Noticed a Killer Klown
 58554 | D:6      | Noticed Furchoe the pandemonium lord
 58573 | D:6      | Killed Furchoe the pandemonium lord
 58702 | D:$      | Escaped with the Orb!

Illustrated notes

Levels and vault maps discovered:
D:1:      dpeg_arrival_houses_and_road, layout_basic, serial_rivers,
          chequers_serial_rivers_room_b, chequers_serial_rivers_micro_e,
          chequers_serial_rivers_micro_e, chequers_serial_rivers_micro_c,
          minivault_19, minmay_split_cup_small
D:2:      layout_rooms, minmay_small_reverse_x
D:3:      minmay_spotlight, layout_basic, uniq_ijyb
D:4:      layout_gridville, nicolae_zen_rock_garden, nicolae_elemental_shop,
          minmay_ruined_shrine, uniq_pikel, uniq_robin
D:5:      layout_loops_corners, mainiacjoe_overflow_boulevard,
          hangedman_abyss_or_decor_jellyfish_corner, minmay_ogre_servants
D:6:      layout_basic, kennysheep_nondescript, uniq_crazy_yiuf_cottage,
          uniq_maggie, uniq_menkaure, uniq_sigmund, uniq_blork_the_orc
D:7:      nzn_winding_woodlands_medium [nzn_winding_woodlands_5x5_cross,
          nzn_winding_woodlands_5x15_river_crossing,
          nzn_winding_woodlands_5x5_checkerboard,
          nzn_winding_woodlands_5x5_closed_star,
          nzn_winding_woodlands_center_diamonds,
          nzn_winding_woodlands_5x5_open_star, nzn_winding_woodlands_5x5_three,
          nzn_winding_woodlands_5x15_pathside_ponds,
          nzn_winding_woodlands_hourglass], layout_rooms,
          nicolae_sif_muna_condensation, minmay_temple_entry_water_ring,
          serial_shops, nicolae_stop_n_shop_2, chequers_serial_rivers_room_b
D:8:      layout_gridville, serial_bayou_pond_c, kennysheep_generic_room_3
D:9:      layout_long_grid, serial_shops, nicolae_stop_n_shop_2, minivault_16,
          uniq_maurice, uniq_gastronok, uniq_harold
D:10:     old_forge, layout_basic, serial_shops, shop
D:11:     layout_basic, grunt_lair_entry_orc_guard_hut, serial_shops, shop,
          lightli_corner_chamber
D:12:     layout_loops_ring, orc_0_dummy
D:13:     layout_small_grid, portal_ice_cave_entry_pillars_1, serial_shops,
          nicolae_shop_overgrown_old_shop
D:14:     layout_roguey, grunt_vaults_entry_fortified, tso_altar, serial_shops,
          shop
D:15:     gammafunk_enter_depths_forms, layout_irregular_city,
          nicolae_vehumet_radiance, uniq_azrael
Lair:1:   layout_cave_pods, grunt_megastairs_3, serial_bayou_shore_a,
          uniq_amaemon
Lair:2:   statuecave_lemuel, layout_cave_pods, nzn_random_ring
Lair:3:   layout_gridlike, elwin_shoals_entry_rooms, dummy_spider_entry,
          grunt_megastairs_1, serial_bayou_shore_b, lemuel_fruit_fields,
          lemuel_fruit_tree, uniq_fannar
Lair:4:   layout_cave_pods, dpeg_slime_entry_corner,
          nicolae_volcano_entry_s_turn, nicolae_quartered_pool_little,
          grunt_megastairs_4, uniq_snorg
Lair:5:   hangedman_lair_caniforms_friends, layout_loops_ring,
          guppyfry_lair_end_dragon, gauntlet_entry_generic, minivault_26
Shoals:1: layout_shoals, serial_shops, nicolae_shop_waterfront,
          nicolae_shop_hallway_stairs, nicolae_diamond_shop,
          nicolae_lakefront_shop, uniq_mlioglotl
Shoals:2: layout_shoals
Shoals:3: layout_shoals, lemuel_centaur_altar
Shoals:4: shoals_end_hellmonk_lost_city
Spider:1: layout_spider_delve, uniq_aizul, uniq_nikola
Spider:2: layout_spider_delve, gammafunk_ghost_split,
          einodemon_crawler_minivault
Spider:3: layout_spider_delve
Spider:4: guppyfry_spider_rune, nicolae_spider_not_touching_you, uniq_arachne,
          uniq_kirke
Slime:1:  layout_caves
Slime:2:  layout_caves
Slime:3:  layout_caves
Slime:4:  layout_caves, cheibrodos_slime_lost_civilization_7
Slime:5
Orc:1:    layout_caves, special_room [special_room_orc], uniq_josephine,
          uniq_erolcha, uniq_jorgrun
Orc:2:    st_orc_ogre_mass, layout_diamond_mine, uniq_urug
Elf:1:    layout_loops_corners, special_room [special_room_mythical_zoo],
          hangedman_corner_corridor, nicolae_elf_loose_elemental_storage
Elf:2:    elven_hall_of_blades_hangedman_original [nicolae_blade_lattice],
          layout_geoelf_octagon, special_room [special_room_mythical_zoo]
Elf:3:    minmay_elf_hall_curves, layout_gridlike, serial_shops,
          nicolae_shop_competitors_out_of_business, minmay_shoptagon
Vaults:1: v_misc_3, vaults_room_stairs_pillars, door_vault,
          nicolae_vaults_twisting_passages, vaults_dpeg_cross,
          hangedman_vaults_river_flow, v_alt_pattern_4, v_misc_24, v_misc_29,
          v_misc_19, ontoclasm_vaults_chip, layout_vaults_ring, serial_glass
Depths:1: minmay_expanding_circles, layout_cave_shapes,
          grunt_hell_entry_dis_old, gammafunk_ghost_grave, kennysheep_potato
Depths:2: minmay_eyes, layout_gridlike, enter_ziggurat_f, hell_entry, pan_entry,
          hangedman_abyss_or_decor_passed, minmay_room_of_horrors,
          gammafunk_ghost_ooze, nicolae_burly_brawl
Depths:3: kennysheep_oblong_rooms, layout_cave_pools,
          nicolae_elyvilon_temple_path, hangedman_coc_ice_floe,
          abyss_entry_small_statue_room, makhleb_altar_promises_db,
          infiniplex_staircase_pool_2
Depths:4: grunt_twist_and_shout, layout_gridlike,
          nicolae_dithmenos_shadow_blocks, hell_entry
Zot:1:    grunt_zot_stairs_faceoff, layout_onion_interference,
          lemuel_lake_of_fire, uniq_parghit
Zot:2:    layout_misc_corridors
Zot:3:    hellmonk_paralyzer, layout_basic, st_stairs_14, drop_trap,
          hangedman_elemental_grid_stream
Zot:4:    layout_twisted_circle, uniq_vv
Zot:5:    layout_concentric_octagons

Skill      XL: |  1  2  3  4  5  6  7  8  9 10 11 12 13 14 15 16 17 18 19 20 21 22 |
---------------+-------------------------------------------------------------------+-----
Axes           | 3 4 5 6 7 8 10 11 12 14 16 18 | 18.8
Dodging        | 3 |  3.5
Armour         | 1 2 3 4 5 6 8 9 10 11 13 14 16 17 18 | 18.9
Fighting       | 3 4 5 6 7 9 11 13 14 16 17 18 20 | 20.5
Shields        | 1 3 5 6 7 8 9 10 11 13 15 16 17 19 20 | 20.3
Throwing       | 3 8 10 | 10.0
Invocations    | 3 7 |  7.0
Evocations     | 6 |  6.0

Action                     |  1- 3 |  4- 6 |  7- 9 | 10-12 | 13-15 | 16-18 | 19-21 | 22-24 || total
---------------------------+-------+-------+-------+-------+-------+-------+-------+-------++-------
  Melee: War axe           |   106 |   186 |   248 |   481 |       |       |       |       ||  1021
         Punch             |       |     4 |     3 |       |       |       |       |       ||     7
         Whip              |       |       |     7 |       |       |       |       |       ||     7
         Unarmed           |       |       |     5 |       |       |       |       |       ||     5
         Broad axe         |       |       |       |   132 |   807 |   988 |  1473 |   612 ||  4012
         Demon whip        |       |       |       |    11 |       |       |       |       ||    11
  Throw: Throwing net      |       |     4 |       |       |       |     3 |       |       ||     7
         Dart              |       |     5 |    22 |    50 |    47 |    84 |    97 |       ||   305
         Javelin           |       |     1 |     1 |       |       |     3 |    10 |    13 ||    28
         Stone             |       |       |       |     2 |       |       |       |       ||     2
         Boomerang         |       |       |       |    12 |   243 |   230 |    65 |    61 ||   611
 Invoke: Heroism           |       |       |     5 |    14 |    13 |     7 |     9 |     7 ||    55
         Finesse           |       |       |       |       |     5 |     7 |     7 |     5 ||    24
  Evoke: Wand              |       |       |     3 |     5 |     7 |     4 |    10 |     5 ||    34
         Lightning rod     |       |       |       |       |     4 |     8 |       |       ||    12
         Tin of tremorston |       |       |       |       |       |       |     6 |       ||     6
         Condenser vane    |       |       |       |       |       |       |     4 |     1 ||     5
    Use: Scroll            |       |     2 |     8 |    13 |     6 |    11 |    12 |     8 ||    60
         Potion            |       |       |     2 |     2 |       |     4 |     7 |     5 ||    20
   Stab: Invisible         |       |       |       |       |     2 |       |       |       ||     2
         Held in net/web   |       |       |       |       |       |     3 |       |       ||     3
 Armour: Leather armour    |     9 |       |       |       |       |       |       |       ||     9
         Scale mail        |    45 |    43 |       |       |       |       |       |       ||    88
         Plate armour      |       |    89 |   107 |   323 |   421 |   400 |   161 |       ||  1501
         Crystal plate arm |       |       |       |       |       |       |   453 |   229 ||   682
  Dodge: Dodged            |    72 |    66 |    66 |   164 |   215 |   168 |   193 |    58 ||  1002
  Block: Kite shield       |       |       |    77 |   391 |   565 |   284 |       |       ||  1317
         Reflection        |       |       |       |       |    12 |    60 |       |       ||    72
         Tower shield      |       |       |       |       |       |   862 |  1589 |   504 ||  2955

Table legend: (Time is in decaauts)
 A = Elapsed time spent in this place.
 B = Non-inter-level travel time spent in this place.
 C = Inter-level travel time spent in this place.
 D = Time resting spent in this place.
 E = Time spent auto-exploring this place.
 F = Levels seen in this place.
 G = Mean time per level.
                   A        B        C        D        E       F      G
               +--------+--------+--------+--------+--------+-----+--------+
         Total |  58213 |  53015 |   5198 |  14829 |  18324 |  57 | 1021.3 |
       Dungeon |  20221 |  17703 |   2518 |   4984 |   4064 |  15 | 1348.1 |
          Lair |   9032 |   7996 |   1036 |   1729 |   3367 |   5 | 1806.4 |
        Shoals |   3640 |   3350 |    290 |    366 |   1978 |   4 |  910.0 |
   Spider Nest |   7210 |   6822 |    388 |   1917 |   3611 |   4 | 1802.5 |
    Slime Pits |    931 |    871 |     60 |    453 |      0 |   5 |  186.2 |
  Orcish Mines |   2936 |   2730 |    206 |   1303 |    652 |   2 | 1468.0 |
   Elven Halls |   6448 |   6128 |    320 |   1777 |   2631 |   3 | 2149.3 |
        Vaults |     61 |     38 |     23 |      0 |     26 |   1 |   61.0 |
        Depths |   1936 |   1701 |    235 |    199 |    592 |   4 |  484.0 |
           Zot |   3291 |   3173 |    118 |   1095 |    665 |   5 |  658.2 |
      Ziggurat |    484 |    484 |      0 |    280 |      0 |   6 |   80.7 |
      Ice Cave |   1253 |   1253 |      0 |    722 |    297 |   1 | 1253.0 |
       Volcano |    393 |    393 |      0 |      0 |    291 |   1 |  393.0 |
      Gauntlet |    372 |    372 |      0 |      0 |    148 |   1 |  372.0 |
               +--------+--------+--------+--------+--------+-----+--------+

Top non-repeatable levels by time:
   Elf:1: 2527 daAuts
  Lair:2: 2434 daAuts
Spider:4: 2278 daAuts
     D:4: 2156 daAuts
    D:14: 2145 daAuts
   Elf:3: 2095 daAuts
   Orc:2: 1841 daAuts
   Elf:2: 1825 daAuts
  Lair:4: 1766 daAuts
Spider:1: 1735 daAuts
Spider:2: 1721 daAuts
  Lair:3: 1694 daAuts
  Lair:5: 1661 daAuts
    D:11: 1636 daAuts
     D:3: 1573 daAuts
